 Dungeon Crawl Stone Soup version 0.26-a0-597-gb535b0901c (webtiles) character file.

Game seed: 1442750983352396800

3 Brandom the Charlatan (level 1, 0/13 HPs)
             Began as a Halfling Artificer on Sept 11, 2020.
             Slain by a hobgoblin (1 damage)
             ... on level 1 of the Dungeon on Oct 19, 2020.
             The game lasted 00:01:40 (213 turns).

Brandom the Charlatan (Halfling Artificer)           Turns: 213, Time: 00:01:40

Health: 0/13       AC:  3    Str: 13    XL:     1   Next: 55%
Magic:  1/1        EV: 13    Int:  9    God:
Gold:   0          SH:  0    Dex: 14    Spells: 0/0 levels left

rFire    . . .     SeeInvis .   a - +0 club
rCold    . . .     Faith    .   (shield restricted)
rNeg     . . .     Spirit   .   b - +0 leather armour
rPois    .         Reflect  .   (no helmet)
rElec    .         Harm     .   (no cloak)
rCorr    .                      (no gloves)
MR       .....                  (no boots)
Stlth    +.........             (no amulet)
HPRegen  0.04/turn              (no ring)
MPRegen  0.07/turn              (no ring)

@: no status effects
A: small, mutation resistance 1
a: no special abilities


You were on level 1 of the Dungeon.
You visited 1 branch of the dungeon, and saw 1 of its levels.

Inventory:

Hand Weapons
 a - a +0 club (weapon)
Missiles
 c - 24 stones (quivered)
 f - 12 sling bullets
Armour
 b - a +0 leather armour (worn)
Wands
 d - a wand of enslavement (15)
 e - a wand of random effects (15)
 t - a wand of flame (15)
Scrolls
 g - a scroll of remove curse {unknown}


   Skills:
 * Level 1.1 Fighting
 + Level 2.2 Armour
 + Level 1.2 Dodging
 - Level 1.1 Stealth
 + Level 3.0 Evocations


You couldn't memorise any spells.
You didn't know any spells.
Your spell library was empty.

Dungeon Overview and Level Annotations

Branches:
Dungeon (1/15)

Altars:


Innate Abilities, Weirdness & Mutations

You are small and have problems with some larger weapons.
You are somewhat resistant to further mutation.


Message History

Found 2 gold pieces.
A rat comes into view.
Found 6 gold pieces.
Found a stone staircase leading down.
A rat is nearby!
Found a pair of gloves.
Found a stone staircase leading down.
A hobgoblin comes into view.
The hobgoblin shouts!
A bat comes into view.
The rat bites you but does no damage.
The bat moves out of view.
You closely miss the rat. The rat closely misses you.
You closely miss the rat.
A hobgoblin comes into view.
The rat barely misses you. The rat bites you but does no damage.
The hobgoblin shouts!
You hit the rat.
You kill the rat!
The hobgoblin closely misses you.
You barely miss the hobgoblin. The hobgoblin misses you.
The bat hits you but does no damage.
You closely miss the hobgoblin. The bat misses you.
The hobgoblin hits you but does no damage.
The hobgoblin misses you.
You barely miss the hobgoblin. The hobgoblin barely misses you.
The hobgoblin closely misses you. The bat hits you.
The hobgoblin barely misses you.
You hit the bat but do no damage. The bat barely misses you.
The hobgoblin hits you. The hobgoblin barely misses you.
You completely miss the hobgoblin. The hobgoblin barely misses you.
The bat hits you but does no damage. The hobgoblin hits you.
* * * LOW HITPOINT WARNING * * *
The hobgoblin hits you but does no damage.
You are too injured to fight recklessly!
You are too injured to fight recklessly!
You are too injured to fight recklessly!
You are too injured to fight recklessly!
You are too injured to fight recklessly!
You are too injured to fight recklessly!
You are too injured to fight recklessly!
Options error: Bad channel -- pray (~/.crawlrc:4160) Options error: Bad channel -- food (~/.crawlrc:4163) Welcome back, Brandom the Halfling Artificer.
The hobgoblin hits you but does no damage.
The bat misses you. The hobgoblin closely misses you.
The bat barely misses you. The bat hits you.
* * * LOW HITPOINT WARNING * * *
The hobgoblin closely misses you. x2
The bat barely misses you. The bat hits you.
* * * LOW HITPOINT WARNING * * *
The hobgoblin closely misses you. The hobgoblin hits you.
You die...

.........
#.........#
##.>.......#
#..........#
#........$.#
#.....$....#
#bgg.......###
#.@.........[.
##........##
#.........#
#...###.##..#
#.#.# #..# #
...#.# #.##
...##.###.###
.##..........#
####.###.###


You could see 2 hobgoblins and a bat.

Vanquished Creatures
  A dart slug (D:1)
  A rat (D:1)
2 creatures vanquished.

Notes
Turn   | Place    | Note
-------+----------+-------------------------------------------
     0 | D:1      | Brandom the Halfling Artificer began the quest for the Orb.
     0 | D:1      | Reached XP level 1. HP: 12/12 MP: 1/1
    39 | D:1      | Reached skill level 1 in Fighting
   213 | D:1      | Slain by a hobgoblin

Illustrated notes

Levels and vault maps discovered:
D:1:      lightli_arrival_noodles, layout_rooms, amethyst_killhole

Skill      XL: |  1 |
---------------+----+-----
Fighting       | 1 |  1.1
Armour         | |  2.2
Dodging        | |  1.2
Stealth        | |  1.1
Evocations     | |  3.0

Action                   || total
-------------------------++-------
Melee: Club              ||    13
Armor: Leather armour    ||     7
Dodge: Dodged            ||    23

Table legend: (Time is in decaauts)
 A = Elapsed time spent in this place.
 B = Non-inter-level travel time spent in this place.
 C = Inter-level travel time spent in this place.
 D = Time resting spent in this place.
 E = Time spent auto-exploring this place.
 F = Levels seen in this place.
 G = Mean time per level.
                   A        B        C        D        E       F      G
               +--------+--------+--------+--------+--------+-----+--------+
         Total |    216 |    216 |      0 |      0 |    169 |   1 |  216.0 |
       Dungeon |    216 |    216 |      0 |      0 |    169 |   1 |  216.0 |
               +--------+--------+--------+--------+--------+-----+--------+

Top non-repeatable levels by time:
     D:1: 216 daAuts
